 Dungeon Crawl Stone Soup version 0.22-a0-204-g464ede7bef (webtiles) character file.

303 RedPan the Slasher (level 6, 0/70 HPs)
             Began as a Demonspawn Monk on Feb 18, 2018.
             Succumbed to a scorpion's poison
             ... in an ossuary.
             The game lasted 00:05:47 (3447 turns).

RedPan the Slasher (Demonspawn Monk)                Turns: 3447, Time: 00:05:47

Health: 0/70       AC: 23    Str: 18    XL:     6   Next: 15%
Magic:  6/6        EV:  2    Int: 17    God:
Gold:   134        SH:  0    Dex: 15    Spells: 5/5 levels left

rFire    . . .     SeeInvis .   a - +1 falchion
rCold    + . .     Gourm    .   (no shield)
rNeg     + + +     Faith    .   (armour currently unavailable)
rPois    +         Spirit   .   (helmet currently unavailable)
rElec    .         Reflect  .   (cloak currently unavailable)
rCorr    .         Harm     .   (gloves currently unavailable)
MR       .....     NoTele   +   (boots currently unavailable)
Stlth    ++........             (no amulet)
HPRegen  0.21/turn              k - ring of protection from cold
MPRegen  0.10/turn              (no ring)

@: mighty, brilliant, lethally poisoned (0 -> -6), tree-form
A: powered by death 1
a: no special abilities


You were in an ossuary.
You were not hungry.
You were a tree.
You visited 1 branch of the dungeon, and saw 4 of its levels.
You also visited: Ossuary.

You collected 134 gold pieces.

Inventory:

Hand Weapons
 a - a +1 falchion (weapon)
Armour
 f - a +0 cloak (melded)
 l - a +1 ring mail
 p - a +0 plate armour (melded)
Jewellery
 k - a ring of protection from cold (left branch)
Scrolls
 b - a scroll of magic mapping
 d - 2 scrolls of teleportation
 e - a scroll of blinking
 i - 2 scrolls of identify
 j - a scroll of fear
 n - 2 scrolls of remove curse {unknown}
 o - a scroll of amnesia
Potions
 m - 3 potions of lignification
 q - a potion of brilliance
 r - a potion of might
Comestibles
 c - 3 rations


   Skills:
 - Level 3.0 Fighting
 + Level 4.6 Long Blades
 + Level 2.8 Armour
 - Level 4.0 Dodging
 - Level 1.7 Stealth


You had 5 spell levels left.
You didn't know any spells.

Dungeon Overview and Level Annotations

Branches:
Dungeon (4/15)             Temple (0/1) D:4

Altars:
Ashenzari
Uskayaw


Innate Abilities, Weirdness & Mutations

((You are mostly covered in iridescent scales. (AC +4)))
You regenerate a little health from kills.


Message History

You feel sick.
Unknown command.
As you read the scroll labeled OTHISHR BYQAN, it crumbles to dust.
It is a scroll of enchant weapon.
Your +0 falchion glows red for a moment.
* * * LOW HITPOINT WARNING * * *
You feel sick.
Okay, then.
As you read the scroll labeled VOYDURGH BIOSM, it crumbles to dust.
It is a scroll of enchant armour.
Your +0 ring mail glows green for a moment.
As you read the scroll labeled WYSMIPNAPSE, it crumbles to dust.
It is a scroll of amnesia.
You feel forgetful for a moment.
* * * LOW HITPOINT WARNING * * *
You feel sick.
As you read the scroll labeled IRURIH PITRICISUH, it crumbles to dust.
It is a scroll of identify.
j - a scroll of fear You die...

#####################
#???#...#...#...#...#
+?."#...'...8...#.∩.#
#.!M#.♣.#.......#...#
######†###8...8###'##
#...#...#.......#...#
#...8...#...8...'.∩.#
#.......#...#...#...#
##8...8##############
#....... #...8...
#...#...#


You could see a mummy.

Vanquished Creatures
  3 scorpions (Ossuary)
  A hound (D:3)
  A scorpion zombie (Ossuary)
  5 adders
  3 worms
  3 dart slugs
  An orc (D:3)
  4 ball pythons
  7 bats
  5 giant cockroaches
  6 goblins
  5 hobgoblins (D:1)
  4 jackals
  5 frilled lizards
  A hobgoblin zombie (Ossuary)
  6 kobolds
  2 kobold zombies (Ossuary)
  7 rats
69 creatures vanquished.

Notes
Turn   | Place    | Note
-------+----------+-------------------------------------------
     0 | D:1      | RedPan the Demonspawn Monk began the quest for the Orb.
     0 | D:1      | Reached XP level 1. HP: 18/18 MP: 1/1
   150 | D:1      | Gained mutation: You are partially covered in iridescent scales. (AC +2) [demonic ancestry]
   150 | D:1      | Reached XP level 2. HP: 18/24 MP: 2/2
   489 | D:1      | Reached XP level 3. HP: 21/29 MP: 3/3
   503 | D:1      | Found a shattered altar of Ashenzari.
  1762 | D:3      | Gained mutation: You are mostly covered in iridescent scales. (AC +4) [demonic ancestry]
  1762 | D:3      | Reached XP level 4. HP: 32/35 MP: 4/4
  1993 | D:3      | Reached skill level 1 in Armour
  2553 | D:3      | Reached XP level 5. HP: 40/41 MP: 5/5
  2947 | D:3      | Found a hide-covered altar of Uskayaw.
  3162 | D:4      | Found a sand-covered staircase.
  3177 | Ossuary  | Entered an ossuary
  3440 | Ossuary  | Gained mutation: You regenerate a little health from kills. [demonic ancestry]
  3440 | Ossuary  | Reached XP level 6. HP: 4/47 MP: 6/6
  3442 | Ossuary  | HP: 3/70 [poisoned by a scorpion]
  3444 | Ossuary  | HP: 1/70 [poisoned by a scorpion]
  3447 | Ossuary  | Succumbed to a scorpion's poison

Vault maps used:
D:1:      lemuel_arrival_room, nicolae_ashenzari_panopticon
D:2:      minivault_5
D:3:      lemuel_round_altar, first_ration
D:4:      good_gods_mini_temple, grunt_gozag_breadcrumbs,
          minmay_temple_entry_grid, nicolae_ossuary_entry_monument
Ossuary:  ossuary_minmay_scorpions

Skill      XL: |  1  2  3  4  5 |
---------------+----------------+-----
Long Blades    | 3 4 |  4.6
Dodging        | 3 4 |  4.0
Armour         | 1 2 |  2.8
Fighting       | |  3.0
Stealth        | |  1.7

Action                   |  1- 3 |  4- 6 || total
-------------------------+-------+-------++-------
Melee: Falchion          |   117 |   233 ||   350
  Use: Potion            |       |     3 ||     3
       Scroll            |       |     7 ||     7
 Stab: Sleeping          |     4 |       ||     4
  Eat: Chunk             |     2 |     5 ||     7
       Ration            |       |     1 ||     1
Armor: Robe              |    13 |       ||    13
       Ring mail         |    12 |    11 ||    23
       Plate armour      |       |   188 ||   188
       Skin              |       |     9 ||     9
Dodge: Dodged            |    87 |    70 ||   157
       Rpst.: Falchion   |    27 |    22 ||    49

Table legend:
 A = Spawn XP
 B = Non-spawn XP
 C = Spawn XP percentage of total XP
 D = Spawn monster count
 E = Non-spawn monster count
 F = Spawn count percentage of total count
 G = Total turns spent on level
                    A         B        C        D         E        F      G
               +---------+---------+-------+---------+---------+-------+---------
         Total |       0 |     434 |   0.0 |       0 |      69 |   0.0 |  3447
               +---------+---------+-------+---------+---------+-------+---------
           D:1 |       0 |      41 |   0.0 |       0 |      24 |   0.0 |   617
           D:2 |       0 |      50 |   0.0 |       0 |      11 |   0.0 |  1032
           D:3 |       0 |     125 |   0.0 |       0 |      26 |   0.0 |  1468
           D:4 |       0 |       2 |   0.0 |       0 |       1 |   0.0 |    60
       Ossuary |       0 |     216 |   0.0 |       0 |       7 |   0.0 |   270
               +---------+---------+-------+---------+---------+-------+---------
